 Dungeon Crawl Stone Soup version 0.28.0-53-g5a82cb258f (webtiles) character file.

Game seed: 11915178226568063999

60 Sin92 the Skirmisher (level 3, 0/29 HPs)
             Began as a Demonspawn Fighter on June 23, 2022.
             Slain by an orc priest
             ... wielding a +0 war axe
              (6 damage)
             ... on level 2 of the Dungeon.
             The game lasted 00:00:54 (1205 turns).

Sin92 the Skirmisher (Demonspawn Fighter)           Turns: 1205, Time: 00:00:54

Health: 0/29       AC:  7    Str: 18    XL:     3   Next: 82%
Magic:  3/3        EV:  9    Int:  9    God:
Gold:   89         SH:  4    Dex: 12    Spells: 2/2 levels left

rFire   . . .      SeeInvis .   a - +0 war axe
rCold   . . .      Faith    .   c - +0 buckler
rNeg    . . .      Spirit   .   b - +0 scale mail
rPois   .          Reflect  .   (no helmet)
rElec   .          Harm     .   (no cloak)
rCorr   .          Rampage  .   (no gloves)
Will    .....                   (no boots)
Stlth   ..........              (no amulet)
HPRegen 0.09/turn               (no ring)
MPRegen 0.08/turn               (no ring)

@: no status effects
A: powered by pain 1, sharp scales 1
a: no special abilities


You were on level 2 of the Dungeon.
You visited 1 branch of the dungeon, and saw 2 of its levels.

You collected 89 gold pieces.

Inventory:

Hand Weapons
 a - a +0 war axe (weapon)
Armour
 b - a +0 scale mail (worn)
 c - a +0 buckler (worn)
Wands
 h - a wand of iceblast (6)
Scrolls
 f - 4 scrolls of identify {unknown}
Potions
 d - a potion of might
 e - a potion of haste {unknown}
 g - 2 potions of invisibility {unknown}
 i - a potion of mutation {unknown}


   Skills:
 + Level 3.3 Fighting
 * Level 2.6 Axes
 + Level 3.0 Armour
 + Level 1.0 Dodging
 + Level 3.0 Shields


You had 2 spell levels left.
You didn't know any spells.
Your spell library was empty.

Dungeon Overview and Level Annotations

Branches:
Dungeon (2/15)

Altars:


Innate Abilities, Weirdness & Mutations

You sometimes gain a little power by taking damage.
You are partially covered in razor-sharp scales. (AC +1, Slay +1)


Message History

There are monsters nearby!
You slash the orc!
You kill the orc!
You hit the orc wizard. You hit the orc priest.
The orc priest hits you but does no damage.
The orc wizard closely misses you.
The orc priest hits you but does no damage.
You block the orc wizard's attack. The frilled lizard barely misses you.
There are monsters nearby!
You barely miss the orc wizard.
The orc wizard is severely wounded.
You closely miss the orc priest. You slash the frilled lizard!
You kill the frilled lizard!
The orc priest barely misses you.
The orc wizard hits you but does no damage.
Unknown command.
There are monsters nearby!
You barely miss the orc wizard.
The orc wizard is severely wounded.
You closely miss the orc priest.
The orc priest hits you with a +0 war axe.
The orc wizard barely misses you.
The orc priest hits you but does no damage.
The orc wizard barely misses you.
There are monsters nearby!
You slash the orc wizard!
You kill the orc wizard!
You barely miss the orc priest.
The orc priest hits you but does no damage.
Your Armour skill increases to level 3!
Your Dodging skill increases to level 1!
Your Shields skill increases to level 3!
An orc priest is nearby!
You hit the orc priest.
The orc priest is severely wounded.
The orc priest mumbles some strange prayers to Beogh against you.
Beogh smites you!
* * * LOW HITPOINT WARNING * * *
The orc priest hits you with a +0 war axe.
You die...

#.........#
##...###..#
###############..#
#.##................#
#.....#############.#
# #.###.# #.# ....
#.# #########.#
...<.###:#
#.....†.... #...o@.#
..........# #...>)##
#.######### #......
#.#...## # ##... ####


You could see an orc priest.

Vanquished Creatures
  An orc wizard (D:2)
  A worm (D:2)
  A dart slug (D:1)
  An orc (D:2)
  5 hobgoblins
  A quokka (D:1)
  4 ball pythons (D:1)
  2 bats (D:1)
  4 frilled lizards
  4 goblins
  3 kobolds (D:1)
  5 rats
32 creatures vanquished.

Notes
Turn   | Place    | Note
-------+----------+-------------------------------------------
     0 | D:1      | Sin92 the Demonspawn Fighter began the quest for the Orb.
     0 | D:1      | Reached XP level 1. HP: 18/18 MP: 1/1
   222 | D:1      | Gained mutation: You sometimes gain a little power by
                  | taking damage. [demonic ancestry]
   222 | D:1      | Reached XP level 2. HP: 20/24 MP: 2/2
   335 | D:1      | Found a faded altar of an unknown god.
  1018 | D:2      | Gained mutation: You are partially covered in razor-sharp
                  | scales. (AC +1, Slay +1) [demonic ancestry]
  1018 | D:2      | Reached XP level 3. HP: 26/29 MP: 3/3
  1205 | D:2      | Reached skill level 1 in Dodging
  1205 | D:2      | Slain by an orc priest

Illustrated notes

Levels and vault maps discovered:
D:1:      minmay_arrival_split_and_join, layout_basic,
          chequers_ecumenical_altar_simple, serial_bayou_lagoon_b
D:2:      layout_loops_ring, serial_shops, shop, nrook_loot_triangle,
          minmay_tromino_v2

Skill      XL: |  1  2  3 |
---------------+----------+-----
Axes           | 2 |  2.6
Armour         | 3 |  3.0
Dodging        | 1 |  1.0
Shields        | 3 |  3.0
Fighting       | |  3.3

Action                   || total
-------------------------++-------
Melee: War axe           ||    95
Armor: Scale mail        ||    58
Dodge: Dodged            ||    49
Block: Buckler           ||    26
